 Dungeon Sprint DCSS version 0.30-a0-1155-gf8af5b4991 (webtiles) character file.

Game seed: 6431890995692826053

73 Jewman the Trooper (level 4, 0/57 HPs)
             Began as a Demonspawn Fighter on Apr 24, 2023.
             Was an Initiate of Cheibriados.
             Slain by a troll (3 damage)
             ... in the Dungeon (Sprint IX: "|||||||||||||||||||||||||||||").
             The game lasted 00:01:06 (147 turns).

Jewman the Trooper (Demonspawn Fighter)              Turns: 147, Time: 00:01:06

Health: 0/57       AC: 12    Str: 19    XL:     4   Next: 8%
Magic:  4/4        EV:  9    Int: 11    God:    Cheibriados [......]
Gold:   0          SH:  5    Dex: 13    Spells: 3/3 levels left

rFire   . . .        a - +0 flail
rCold   . . .        c - +0 buckler
rNeg    . . .        n - +0 plate armour
rPois   .            (helmet restricted)
rElec   .            (no cloak)
rCorr   .            (no gloves)
SInv    .            (no boots)
Will    .....        (no amulet) Stlth
                     o - +2 ring of evasion
HPRegen 0.29/turn    p - +2 ring of evasion
MPRegen 0.09/turn

%: no teleportation
@: berserking, very slow
A: horns 1
a: Renounce Religion


You were in the Dungeon.
You worshipped Cheibriados.
Cheibriados was noncommittal.
You visited 1 branch

Inventory:

Hand Weapons
 a - a +0 flail (weapon)
Armour
 c - a +0 buckler (worn)
 n - a +0 plate armour (worn)
Jewellery
 o - a +2 ring of evasion (left hand)
 p - a +2 ring of evasion (right hand)
Wands
 l - a wand of roots (10)
Scrolls
 j - 2 scrolls of blinking
 k - 2 scrolls of amnesia
Potions
 d - a potion of invisibility
 e - 5 potions of curing
 f - 2 potions of heal wounds
 g - a potion of haste
 h - 4 potions of magic


   Skills:
 + Level 4.7 Fighting
 + Level 4.1 Maces & Flails
 + Level 4.5 Armour
 + Level 0.8 Dodging
 + Level 4.4 Shields


You had 3 spell levels left.
You didn't know any spells.
Your spell library was empty.

Dungeon Overview and Level Annotations

Branches:
Dungeon (1/1)

Altars:
Cheibriados
Dithmenos
Fedhas
Gozag
Hepliaklqana
Kikubaaqudgha
Makhleb
Nemelex Xobeh
Okawaru
Qazlal
Ru
Sif Muna
Trog
Uskayaw
Vehumet
Wu Jian
Xom
Yredelemnul
Jiyva
Lugonu


Innate Abilities, Weirdness & Mutations

You have a pair of small horns on your head.


Message History

There are no items here.
o - a +2 ring of evasion (left hand)
p - a +2 ring of evasion (right hand)
You start removing your armour.
You continue taking off your +0 scale mail. x4
You finish taking off your +0 scale mail.
You start putting on your armour.
You continue putting on your +0 plate armour. x5
You finish putting on your +0 plate armour.
You drop a +0 helmet.
You drop a +0 scale mail.
Unknown command.
You open the door.
A troll, a wight, a wyvern, a two-headed ogre and 2 acid dragons come into view.
The wight is wielding a +3 falchion of freezing.
The troll shouts!
The wyvern hisses angrily.
The acid dragon roars!
The two-headed ogre shouts in stereo!
A red film seems to cover your vision as you go berserk!
Cheibriados forces you to slow down.
You feel mighty! The troll bites you. The troll claws you but does no damage.
The troll claws you!
You hit the troll. You headbutt the troll!
The troll is moderately wounded.
The troll barely misses you. The troll claws you. x2
You barely miss the troll.
The troll is moderately wounded.
The troll bites you. The troll claws you but does no damage.
The troll claws you.
You bludgeon the troll!!
The troll is severely wounded.
You block the troll's attack. The troll claws you. The troll claws you!
The troll bites you!
* * * LOW HITPOINT WARNING * * *
The troll claws you.
* * * LOW HITPOINT WARNING * * *
You block the troll's attack.
You closely miss the troll. You headbutt the troll.
The troll is almost dead.
The troll barely misses you. The troll claws you.
You die... ▓▓▓▓▓▓▓▓▓▓▓▓▓▓▓▓▓▓▓▓▓▓▓▓ _______'..).[..[@TzlDOD. ▓▓▓▓▓▓▓▓▓▓▓▓▓▓▓▓▓▓▓▓▓▓▓▓

You could see a two-headed ogre, a troll, a wyvern, 2 acid dragons and a wight.

Vanquished Creatures
  A sleepcap (D)
  An iguana (D)
  An adder (D)
  An orc (D)
  2 goblins (D)
  A quokka (D)
  A bat (D)
  A frilled lizard (D)
  A rat (D)
10 creatures vanquished.

Notes
Turn   | Place    | Note
-------+----------+-------------------------------------------
     0 | D        | Jewman the Demonspawn Fighter began the quest for the Orb.
     0 | D        | Reached XP level 1. HP: 18/18 MP: 1/1
    50 | D        | Noticed an iguana
    50 | D        | Noticed a sleepcap
    56 | D        | Killed an iguana
    57 | D        | Gained mutation: You have a pair of small horns on your
                  | head. [demonic ancestry]
    57 | D        | Reached XP level 2. HP: 25/25 MP: 2/2
    57 | D        | Reached XP level 3. HP: 30/30 MP: 3/3
    66 | D        | Reached XP level 4. HP: 37/38 MP: 4/4
    81 | D        | Found a snail-covered altar of Cheibriados.
    81 | D        | Found a shadowy altar of Dithmenos.
    81 | D        | Found a blossoming altar of Fedhas.
    81 | D        | Found an opulent altar of Gozag.
    82 | D        | Found a hazy altar of Hepliaklqana.
    83 | D        | Found a viscous altar of Jiyva.
    84 | D        | Found an ancient bone altar of Kikubaaqudgha.
    85 | D        | Became a worshipper of Cheibriados the Contemplative
    86 | D        | Found a corrupted altar of Lugonu.
    87 | D        | Found a burning altar of Makhleb.
    88 | D        | Found a sparkling altar of Nemelex Xobeh.
    89 | D        | Found an iron altar of Okawaru.
    90 | D        | Found a stormy altar of Qazlal.
    91 | D        | Found a sacrificial altar of Ru.
    92 | D        | Found a shimmering blue altar of Sif Muna.
    93 | D        | Found a bloodstained altar of Trog.
    94 | D        | Found a hide-covered altar of Uskayaw.
    95 | D        | Found a radiant altar of Vehumet.
    96 | D        | Found an ornate altar of the Wu Jian Council.
    97 | D        | Found a shimmering altar of Xom.
    98 | D        | Found a basalt altar of Yredelemnul.
   142 | D        | Noticed a troll
   142 | D        | Noticed a wyvern
   142 | D        | Noticed an acid dragon
   142 | D        | Noticed a two-headed ogre
   142 | D        | Noticed an acid dragon
   147 | D        | Slain by a troll

Illustrated notes

Levels and vault maps discovered:
D:        linesprint [early_d, line_temple, items_1, d_10, items_2, lair_1,
          lair_end, items_3, orc_1, orc_end, items_4, d_15, swamp_1, shoals_1,
          snake_1, spider_1, d_20, vaults_1, items_5, swamp_end, shoals_end,
          snake_end, spider_end, vaults_end, d_27, items_6, zot_1, zot_end,
          crypt_end, forest_end, elf_end, slime_end, tomb_end, abyss_end,
          pan_hell_end]

Skill      XL: |  1  2  3 |
---------------+----------+-----
Maces & Flails | 3 4 |  4.1
Armour         | 3 4 |  4.5
Shields        | 3 4 |  4.4
Fighting       | 4 |  4.7
Dodging        | |  0.8

Action                     |  1- 3 |  4- 6 || total
---------------------------+-------+-------++-------
  Melee: Flail             |    36 |     9 ||    45
         Headbutt          |     2 |     2 ||     4
    Use: Potion            |     2 |     1 ||     3
 Armour: Scale mail        |    15 |     2 ||    17
         Plate armour      |       |     2 ||     2
  Dodge: Dodged            |    14 |     4 ||    18
  Block: Buckler           |    10 |     2 ||    12

Table legend: (Time is in decaauts)
 A = Elapsed time spent in this place.
 B = Non-inter-level travel time spent in this place.
 C = Inter-level travel time spent in this place.
 D = Time resting spent in this place.
 E = Time spent auto-exploring this place.
 F = Levels seen in this place.
 G = Mean time per level.
                   A        B        C        D        E       F      G
               +--------+--------+--------+--------+--------+-----+--------+
         Total |    169 |    169 |      0 |      0 |     47 |   1 |  169.0 |
       Dungeon |    169 |    169 |      0 |      0 |     47 |   1 |  169.0 |
               +--------+--------+--------+--------+--------+-----+--------+

Top non-repeatable levels by time:
       D: 169 daAuts
